Map: 2000 Atmospheres LE

Players

A.I. 1 (Very Easy)

  • Race: Protoss Protoss
  • Spawn Location: 3:00

Demogorgon - Winner!

  • Race: Protoss Protoss
  • League: Diamond
  • Spawn Location: 7:00

VOD

Have the link to the VOD?

Description

Time

  • Played on: June 28, 2022, 11:09 a.m.
  • Length: 7:31
Show
View Real Time Build Order
Export as new Build Order

A.I. 1 (Very Easy) Protoss 

Build Orders:  

Get SALT Encoding   

  12  0:00  Probe  
  13  0:13  Probe  
  14  0:19  Pylon  
  14  0:36  Assimilator  
  14  0:42  Gateway  
  14  0:45  Pylon  
  14  1:14  Assimilator  
  14  1:23  Probe  
  14  1:30  Zealot  
  14  1:31  Probe, Cybernetics Core  
  17  1:39  Probe  
  19  1:48  Warp Gate  
  19  1:50  Probe  
  20  2:02  Probe  
  21  2:14  Probe  
  22  2:38  Stalker  
  24  6:59  Probe  
  24  7:04  Adept  
  24  7:06  Pylon  
  24  7:07  Probe, Robotics Facility  
  19  7:16  Probe  
Show
View Real Time Build Order
Export as new Build Order

Demogorgon Protoss - Winner!

Build Orders: 1 Gate Expand, Zealot Archon 

Get SALT Encoding   

  12  0:00  Probe  
  13  0:12  Probe  
  14  0:19  Pylon  
  14  0:25  Probe (Chrono Boost)  
  15  0:38  Gateway  
  15  0:39  Probe (Chrono Boost)  
  16  0:45  Probe (Chrono Boost)  
  16  0:47  Assimilator  
  17  0:53  Probe  
  18  1:05  Probe (Chrono Boost)  
  19  1:17  Probe (Chrono Boost)  
  20  1:23  Nexus  
  20  1:35  Cybernetics Core  
  20  1:42  Probe  
  21  1:49  Assimilator  
  21  1:54  Probe  
  21  1:56  Pylon  
  22  2:06  Probe  
  23  2:11  Stalker (Chrono Boost), Warp Gate (Chrono Boost)  
  25  2:18  Probe  
  26  2:30  Robotics Facility  
  26  2:31  Probe  
  27  2:38  Probe  
  27  2:43  Probe  
  29  2:44  Stalker (Chrono Boost)  
  29  2:50  Probe  
  32  2:55  Gateway  
  32  2:57  Gateway  
  32  2:59  Probe  
  33  3:07  Stalker  
  33  3:09  Probe (Chrono Boost)  
  37  3:16  Probe (Chrono Boost)  
  38  3:21  Probe (Chrono Boost), Pylon  
  38  3:25  Observer  
  38  3:26  Probe x2 (Chrono Boost)  
  41  3:43  Probe x2  
  43  3:55  Probe x2, Assimilator  
  43  3:57  Stalker x3  
  43  3:58  Assimilator  
  43  4:02  Pylon  
  51  4:11  Twilight Council  
  51  4:13  Probe  
  51  4:14  Probe  
  53  4:17  Immortal (Chrono Boost)  
  57  4:25  Probe  
  57  4:28  Probe  
  59  4:37  Probe  
  60  4:40  Probe  
  60  4:43  Gateway  
  61  4:47  Gateway x2  
  61  4:48  Charge (Chrono Boost)  
  61  4:49  Pylon  
  61  5:06  Immortal (Chrono Boost), Gateway  
  61  5:08  Gateway  
  61  5:10  Gateway  
  65  5:17  Probe  
  65  5:21  Pylon  
  66  5:24  Pylon  
  66  5:29  Pylon  
  66  5:30  Pylon  
  66  5:32  Templar Archives  
  66  5:42  Warp Prism (Chrono Boost)  
  66  5:43  Zealot x2  
  66  5:49  Zealot x2  
  76  5:51  Zealot  
  76  5:55  Zealot  
  80  6:06  Pylon  
  80  6:08  Pylon  
  80  6:09  Pylon  
  80  6:11  Pylon  
  80  6:12  Pylon  
  80  6:27  Zealot  
  80  6:32  High Templar x5  
  92  6:38  Archon x2  
  92  6:39  High Templar  
  94  6:43  Zealot  
  94  6:44  Zealot  
  94  6:45  Archon  
  98  7:08  Zealot x5  
  98  7:09  Zealot x3  
Tags
 
Composition
Zealot Archon
League
Diamond
Matchup
PvP
Spawn Locations
Cross Positions
Add a new tag
Caveats
  • Supply blocks, unpowered buildings, or Contaminate may cause inaccurate times.
  • Supply counts are checked every 10 seconds.